 Dungeon Crawl Stone Soup version 0.31-a0-188-g5e087ee2ca (webtiles) character file.

Game seed: 13019940477502029272

46 qw the Shooter (level 3, -1/20 HPs)
             Began as a Deep Elf Hunter on June 23, 2023.
             Slain by a gnoll
             ... wielding a +0 spear
              (7 damage)
             ... on level 2 of the Dungeon.
             The game lasted 00:00:21 (749 turns).

qw the Shooter (Deep Elf Hunter)                     Turns: 749, Time: 00:00:21

Health: -1/20      AC:  5    Str: 10    XL:     3   Next: 44%
Magic:  5/5        EV: 12    Int: 13    God:
Gold:   51         SH:  0    Dex: 18    Spells: 2/2 levels left

rFire   . . .        Y - +0 shortbow
rCold   . . .        (shield currently unavailable)
rNeg    . . .        c - +0 leather armour
rPois   .            g - +2 hat
rElec   .            (no cloak)
rCorr   .            (no gloves)
SInv    .            (no boots)
Will    .....        (no amulet)
Stlth   ++           (no ring)
HPRegen 0.23/turn    (no ring)
MPRegen 0.09/turn

%: no passive effects
@: no status effects
A: no striking features
a: no special abilities


You were on level 2 of the Dungeon.
You visited 1 branch of the dungeon, and saw 2 of its levels.

You collected 51 gold pieces.


   Skills:
 - Level 1.5 Fighting
 + Level 7.0 Ranged Weapons
 - Level 2.4 Dodging
 - Level 1.2 Stealth


You had 2 spell levels left.
You didn't know any spells.
Your spell library was empty.

Inventory:

Hand Weapons
 Y - a +0 shortbow (weapon)
Armour
 c - a +0 leather armour (worn)
 g - a +2 hat (worn)
Potions
 d - a potion of haste
 h - a potion of resistance

Dungeon Overview and Level Annotations

Branches:
Dungeon (2/15)

Altars:

Shops:
D:1 (:=


Message History

A ball python comes into view.
You shoot an arrow. The arrow hits the ball python.
You kill the ball python!
A gnoll comes into view. It is wielding a +0 club.
You shoot an arrow. The gnoll shouts!
The arrow hits the gnoll.
The gnoll is heavily wounded.
You hear an angry hiss.
You hear a shout!
A frilled lizard comes into view.
You shoot an arrow. The arrow hits the gnoll.
You kill the gnoll!
A gnoll comes into view. It is wielding a +0 spear.
The gnoll moves out of view.
Your Ranged Weapons skill increases to level 7!
You shoot an arrow.
The arrow hits the frilled lizard but does no damage.
You shoot an arrow.
The arrow closely misses the frilled lizard.
You shoot an arrow. The arrow hits the frilled lizard!
You kill the frilled lizard!
You shoot an arrow. The arrow hits the gnoll.
The gnoll is lightly wounded.
You shoot an arrow. The arrow hits the gnoll!
The gnoll is severely wounded.
The gnoll hits you from afar with a +0 spear!
A gnoll comes into view. It is wielding a +0 halberd.
745 ||| Stepping ~*~*~tactically~*~*~ (outnumbered).
You start resting.
A gnoll is nearby!
You shoot an arrow.
The arrow hits the gnoll but does no damage.
The gnoll is severely wounded.
The gnoll hits you from afar with a +0 spear!
You shoot an arrow. The arrow barely misses the gnoll.
The gnoll closely misses you. The gnoll hits you with a +0 club.
You shoot an arrow. The arrow hits the gnoll.
The gnoll is lightly wounded.
The gnoll hits you from afar with a +0 spear!
You die... %g

#.. #.# #)# #g# ####
#g###....# #.#@.#
#gg..# #########..#.#
##...##...#.#.####
##...........#.....
#................# ..
#.........%..##.###.##
#................#...#
##....................


You could see 2 gnolls.

Vanquished Creatures
  A gnoll (D:2)
  A worm (D:2)
  A dart slug (D:1)
  A ball python (D:2)
  3 endoplasms
  3 goblins (D:1)
  2 hobgoblins (D:1)
  2 jackals (D:1)
  2 quokkas
  A bat (D:1)
  5 frilled lizards
  6 kobolds (D:1)
  4 rats (D:1)
32 creatures vanquished.

Notes
Turn   | Place    | Note
-------+----------+-------------------------------------------
     0 | D:1      | qw the Deep Elf Hunter began the quest for the Orb.
     0 | D:1      | Reached XP level 1. HP: 12/12 MP: 3/3
     0 | D:1      | 0 ||| qw: Version: 0.3-a-9-g12657ce
     0 | D:1      | 0 ||| qw: Game counter: 3976
     0 | D:1      | 0 ||| qw: Always use a shield: true
     0 | D:1      | 0 ||| qw: God list: Okawaru
     0 | D:1      | 0 ||| qw: Allow faded altars: false
     0 | D:1      | 0 ||| qw: Do Orc after D:15 true
     0 | D:1      | 0 ||| qw: Do second Lair branch before Depths: true
     0 | D:1      | 0 ||| qw: Lair rune preference: random
     0 | D:1      | 0 ||| qw: Plans: Normal
     0 | D:1      | 0 ||| PLANNING D:1-11
    50 | D:1      | Found Uneoczet's Book Emporium.
   100 | D:1      | Reached XP level 2. HP: 16/16 MP: 4/4
   105 | D:1      | Reached skill level 6 in Ranged Weapons
   114 | D:1      | Found Bazoffer's Jewellery Shoppe.
   115 | D:1      | Found a faded altar of an unknown god.
   133 | D:1      | 133 ||| SHOPLISTING +6 ring of strength (468 gold, have
                  | 24).
   133 | D:1      | 133 ||| SHOPLISTING ring of positive energy (260 gold, have
                  | 24).
   133 | D:1      | 133 ||| SHOPLISTING ring of protection from fire (325 gold,
                  | have 24).
   133 | D:1      | 133 ||| SHOPLISTING ring of resist corrosion (260 gold,
                  | have 24).
   133 | D:1      | 133 ||| SHOPLISTING ring of see invisible (195 gold, have
                  | 24).
   174 | D:1      | Found Zeots's Weapon Boutique.
   183 | D:1      | 183 ||| SHOPLISTING +5 heavy arbalest (456 gold, have 24).
   499 | D:1      | 499 ||| UPGRADING to +2 hat.
   667 | D:1      | 667 ||| READING scroll labelled YMUPAI ACAPOVO.
   668 | D:1      | 668 ||| READING scroll labelled XOCARE DAIBBUT.
   669 | D:1      | 669 ||| DRINKING 2 yellow potions.
   670 | D:1      | 670 ||| DRINKING 2 gluggy clear potions.
   671 | D:1      | 671 ||| DROPPING scroll of butterflies.
   701 | D:2      | Reached XP level 3. HP: 20/20 MP: 5/5
   740 | D:2      | Reached skill level 7 in Ranged Weapons
   745 | D:2      | 745 ||| Stepping ~*~*~tactically~*~*~ (outnumbered).
   748 | D:2      | HP: 5/20 [gnoll/+0 club (1)]
   749 | D:2      | Slain by a gnoll

Levels and vault maps discovered:
D:1:      nzn_arrival_water_spiral, layout_loops_ring, serial_shops,
          nicolae_book_shop_shelving, nicolae_shop_gaudy_bauble, shop,
          shapermc_ecumenical_altar_rom_forum, serial_bayou_lagoon_b
D:2:      layout_rooms, basic_altar, uniq_jessica

Skill      XL: |  1  2  3 |
---------------+----------+-----
Ranged Weapons | 6 7 |  7.0
Fighting       | |  1.5
Dodging        | |  2.4
Stealth        | |  1.2

Action                     || total
---------------------------++-------
   Fire: Shortbow          ||    94
    Use: Scroll            ||     2
         Potion            ||     2
 Armour: Leather armour    ||     4
  Dodge: Dodged            ||     6

Table legend:
 A = Non-vault XP
 B = Vault XP
 C = Vault XP percentage of total XP
 D = Non-vault monster count
 E = Vault monster count
 F = Vault count percentage of total count
                 A         B        C        D         E       F
            +---------+---------+-------+---------+---------+-------
      Total |      66 |       0 |   0.0 |      32 |       0 |   0.0
            +---------+---------+-------+---------+---------+-------
        D:1 |      38 |       0 |   0.0 |      24 |       0 |   0.0
        D:2 |      28 |       0 |   0.0 |       8 |       0 |   0.0
            +---------+---------+-------+---------+---------+-------
